 Dungeon Crawl Stone Soup version 0.29.1-1-gd02db6906a (webtiles) character file.

Game seed: 17101905919973111513

38 Demigod47 the Trooper (level 3, -22/33 HPs)
             Began as a Minotaur Fighter on Oct 7, 2022.
             Killed by an exploding gnoll (32 damage)
             ... ignited by their inner flame
             ... on level 2 of the Dungeon.
             The game lasted 00:01:59 (1548 turns).

Demigod47 the Trooper (Minotaur Fighter)            Turns: 1548, Time: 00:02:00

Health: -22/33     AC:  7    Str: 22    XL:     3   Next: 25%
Magic:  2/2        EV:  9    Int:  5    God:
Gold:   48         SH:  4    Dex:  9    Spells: 2/2 levels left

rFire   . . .      SeeInvis .   a - +0 flail
rCold   . . .      Faith    .   c - +0 buckler
rNeg    . . .      Spirit   .   b - +0 scale mail
rPois   .          Reflect  .   (helmet restricted)
rElec   .          Harm     .   (no cloak)
rCorr   .          Rampage  .   (no gloves)
Will    .....                   (no boots)
Stlth   ..........              (no amulet)
HPRegen 0.11/turn               (no ring)
MPRegen 0.08/turn               (no ring)

@: hasted, very quick
A: horns 2, retaliatory headbutt, subdued magic 1
a: no special abilities


You were on level 2 of the Dungeon.
You visited 1 branch of the dungeon, and saw 2 of its levels.

You collected 48 gold pieces.

Inventory:

Hand Weapons
 a - a +0 flail (weapon)
Armour
 b - a +0 scale mail (worn)
 c - a +0 buckler (worn)
Scrolls
 e - a scroll of amnesia
 h - a scroll of immolation
 i - a scroll of blinking {unknown}
 j - a scroll of poison {unknown}
 k - a scroll of identify {unknown}
Potions
 d - 2 potions of might
 g - a potion of mutation


   Skills:
 + Level 4.1 Fighting
 + Level 3.0 Maces & Flails
 + Level 4.1 Armour
 + Level 0.3 Dodging
 + Level 3.9 Shields


You had 2 spell levels left.
You didn't know any spells.
Your spell library was empty.

Dungeon Overview and Level Annotations

Branches:
Dungeon (2/15)

Altars:


Innate Abilities, Weirdness & Mutations

You have a pair of horns on your head.
You reflexively headbutt those who attack you in melee.
Your spells are a little easier to cast, but a little less powerful.


Message History

You sock the gnoll!
The gnoll is almost dead.
You block the gnoll's attack.
You hit the gnoll but do no damage.
The gnoll is almost dead.
The gnoll barely misses you. You block the gnoll's attack.
The gnoll hits you but does no damage. The gnoll attacks as you move away!
The gnoll hits you with a +0 club. The gnoll attacks as you move away!
The gnoll hits you with a +0 club. The gnoll attacks as you move away!
The gnoll closely misses you.
You hit the gnoll.
The gnoll is moderately wounded.
The gnoll misses you. The gnoll hits you but does no damage.
The gnoll hits you from afar with a +0 halberd!
The gnoll hits you but does no damage. You block the gnoll's attack.
The gnoll throws a throwing net.
You block the throwing net.
You see here a throwing net.
The gnoll attacks as you move away! You block the gnoll's attack.
The gnoll hits you from afar with a +0 halberd.
The gnoll hits you with a +0 club.
It was a potion of mutation.
You feel extremely strange.
Your connection to magic feels subdued.
The gnoll barely misses you. The gnoll hits you but does no damage.
It was a potion of haste.
You feel yourself speed up.
The gnoll hits you from afar with a +0 halberd.
You block the gnoll's attack. The gnoll barely misses you.
As you read the scroll labelled NYCVUE XETWEXT, it crumbles to dust.
It is a scroll of amnesia.
You feel forgetful for a moment.
As you read the scroll labelled SOEF PALUODACY, it crumbles to dust.
The creatures around you are filled with an inner flame!
It was a scroll of immolation.
You block the gnoll's attack. The gnoll hits you but does no damage.
The gnoll misses you. You furiously retaliate!
You headbutt the gnoll.
Flame seeps out of the gnoll.
You hit the gnoll but do no damage. You headbutt the gnoll.
The gnoll explodes!
The fiery explosion engulfs you!!
Ouch! That really hurt!
You die...

.##>.........###...#.....
.##.†##.#.....##.....##.
.##...#.#..#..##.#....#.
.##.#...#..#.....######...
.##.##..#. #.###.......#
.##.###.####.# ###.###.# # .##.#
#......# ##...#.####.#
.##.###..########§§..#....#.####
.##.............@○g.............
'#########.######g.(......###+##
..#### #.# ########).......
..'..#####.## #........
..##........# #.#......
..########..# #...##...
..##.....#..# ###.# ..
..##.###.#..# . . ####.#
#.#..#### .


You could see 2 gnolls.

Vanquished Creatures
  2 gnolls (D:2)
  A worm (D:2)
  A dart slug (D:1)
  2 ball pythons (D:1)
  3 endoplasms
  A giant cockroach (D:2)
  A goblin (D:1)
  2 hobgoblins (D:1)
  4 bats (D:1)
  2 frilled lizards (D:1)
  3 kobolds
  5 rats
27 creatures vanquished.

Vanquished Creatures (others)
  2 demonic plants (D:1)
  A plant (D:1)
3 creatures vanquished.

Grand Total: 30 creatures vanquished

Notes
Turn   | Place    | Note
-------+----------+-------------------------------------------
     0 | D:1      | Demigod47 the Minotaur Fighter began the quest for the Orb.
     0 | D:1      | Reached XP level 1. HP: 19/19 MP: 0/0
   341 | D:1      | Reached XP level 2. HP: 24/27 MP: 1/1
   405 | D:1      | Found a faded altar of an unknown god.
  1462 | D:2      | Reached XP level 3. HP: 28/33 MP: 2/2
  1544 | D:2      | Gained mutation: Your spells are a little easier to cast,
                  | but a little less powerful. [potion of mutation]
  1548 | D:2      | Killed by an exploding gnoll... ignited by their inner
                  | flame

Illustrated notes

Levels and vault maps discovered:
D:1:      shiori_arrival_elements, layout_basic, shapermc_ecumenical_altar_gd
D:2:      layout_basic

Skill      XL: |  1  2  3 |
---------------+----------+-----
Fighting       | 4 |  4.1
Armour         | 4 |  4.1
Maces & Flails | 3 |  3.0
Dodging        | |  0.3
Shields        | |  3.9

Action                   || total
-------------------------++-------
Melee: Flail             ||    66
       Headbutt          ||    10
  Use: Scroll            ||     2
       Potion            ||     2
Armor: Scale mail        ||    40
Dodge: Dodged            ||    40
Block: Buckler           ||    28
